 Dungeon Crawl Stone Soup version 0.29-a0-243-g602b31c20e (webtiles) character file.

Game seed: 13628784828343929278

3606 YayAnonymity the Grappler (level 9, -7/104 HPs)
             Began as a Troll Berserker on Mar 5, 2022.
             Was an Elder of Trog.
             Mangled by an orc warrior
             ... wielding a +0 long sword
              (14 damage)
             ... on level 7 of the Dungeon.
             The game lasted 00:10:47 (5660 turns).

YayAnonymity the Grappler (Troll Berserker)         Turns: 5660, Time: 00:10:48

Health: -7/104     AC:  8    Str: 27    XL:     9   Next: 86%
Magic:  8/8        EV: 11    Int:  5    God:    Trog [****..]
Gold:   406        SH:  0    Dex: 11    Spells: 8/8 levels left

rFire   . . .      SeeInvis +     - Unarmed
rCold   . . .      Faith    .   (no shield)
rNeg    . . .      Spirit   .   a - +0 animal skin
rPois   .          Reflect  .   x - +2 hat
rElec   .          Harm     .   m - +1 cloak
rCorr   .          Rampage  .   (gloves unavailable)
Will    ++...                   (boots unavailable)
Stlth   +.........              w - amulet of Vitality {Regen+ HP+15}
HPRegen 2.87/turn               d - ring of see invisible
MPRegen 0.11/turn               (no ring)

@: strong-willed, on berserk cooldown, regenerating, slowed, very slow
A: large, unfitting armour, claws 3, regeneration 1, shaggy fur 1, tough skin 1
a: Renounce Religion, Berserk, Trog's Hand, Brothers in Arms


You were on level 7 of the Dungeon.
You worshipped Trog.
Trog was greatly pleased with you.
You visited 2 branches of the dungeon, and saw 8 of its levels.

You collected 406 gold pieces.

Inventory:

Hand Weapons
 b - a +0 giant spiked club
Missiles
 g - 6 javelins
 n - 16 poisoned darts (quivered)
 y - 5 silver javelins
Armour
 a - a +0 animal skin (worn)
 m - a +1 cloak (worn)
 x - a +2 hat (worn)
Jewellery
 d - a ring of see invisible (left claw)
 w - the amulet of Vitality (around neck) {Regen+ HP+15}
   (You found it on level 6 of the Dungeon)

   [amulet of regeneration]

   HP:        It affects your health (+15).
   Regen:     It increases your rate of health regeneration.
Wands
 p - a wand of digging (7)
 v - a wand of acid (4)
Scrolls
 c - a scroll of noise
 h - a scroll of teleportation
 i - 3 scrolls of magic mapping
 j - 3 scrolls of enchant armour
 l - 3 scrolls of enchant weapon
 q - 3 scrolls of fear
 s - a scroll of identify
 u - a scroll of fog {unknown}
Potions
 e - 3 potions of curing
 k - a potion of mutation
 o - 2 potions of lignification
 r - a potion of degeneration {unknown}
 t - 2 potions of berserk rage {unknown}


   Skills:
 + Level 5.6 Fighting
 + Level 4.0 Maces & Flails
 + Level 5.4 Throwing
 - Level 5.0 Dodging
 * Level 9.3 Unarmed Combat


You had 8 spell levels left.
You didn't know any spells.
Your spell library was empty.

Dungeon Overview and Level Annotations

Branches:
Dungeon (7/15)             Temple (1/1) D:5

Altars:
Ashenzari
Cheibriados
Dithmenos
Elyvilon
Fedhas
Gozag
Hepliaklqana
Kikubaaqudgha
Makhleb
Nemelex Xobeh
Okawaru
Qazlal
Ru
Sif Muna
Trog
Uskayaw
Vehumet
Wu Jian
Yredelemnul
Zin
The Shining One


Innate Abilities, Weirdness & Mutations

You are too large for most types of armour.
You have claws for hands.
Your natural rate of healing is unusually fast.
You are covered in fur. (AC +1)
You have tough skin. (AC +1)


Message History

You are engulfed in a cloud of scalding steam.
* * * LOW HITPOINT WARNING * * *
The steam dragon breathes steam at you. The ball of steam hits you.
* * * LOW HITPOINT WARNING * * *
The orc wizard casts a spell.
The orc wizard flickers and vanishes for a moment.
You hear an angry hiss.
An iguana comes into view.
Your skin crawls.
You feel strong-willed. The steam dragon closely misses you.
The steam dragon claws you but does no damage.
You scratch the steam dragon.
The steam dragon is almost dead.
The steam dragon misses you.
The steam dragon claws you but does no damage.
You barely miss the steam dragon.
The steam dragon is almost dead.
The steam dragon breathes steam at you. The ball of steam hits you!
* * * LOW HITPOINT WARNING * * *
You are engulfed in a cloud of scalding steam.
The steam dragon bites you!
* * * LOW HITPOINT WARNING * * *
The steam dragon barely misses you.
You barely miss the steam dragon. Your claw misses the steam dragon.
The steam dragon is almost dead.
The steam dragon bites you!
* * * LOW HITPOINT WARNING * * *
The steam dragon claws you but does no damage.
The steam dragon closely misses you.
The steam dragon claws you but does no damage.
You barely miss the steam dragon.
The steam dragon is almost dead.
The steam dragon bites you.
* * * LOW HITPOINT WARNING * * *
The steam dragon barely misses you.
The orc warrior hits you with a +0 long sword!
You die...

....# ....###...###...
..###.........8.......
......#.. #.)†# ......#..
+#)#'o# ### ..###.#.# #.# ..#
... #.###.#.# ##o## ..# ..#
......#.# ##..l## .#...##
......#.####...OD####.....
).....#........o@......###
.................)........
........#.......#.....###
...###....#.###.......#
....##....... #.......#
....##........+.......#######
....##........#.............#
##.###........#.............#
...###........###...........#


You could see a steam dragon, an orc warrior, an ogre, an iguana and an orc
wizard (invisible).

Vanquished Creatures
  A boulder beetle (D:7)
  A hornet (D:7)
  Sigmund (D:6)
  A water moccasin (D:7)
  Edmund (D:6)
  2 ice beasts (D:6)
  A sky beast (D:7)
  A black bear (D:4)
  2 ogres
  2 phantoms
  A kobold brigand (D:7)
  A necrophage (D:7)
  A bullfrog (D:6)
  5 scorpions
  A wight (D:7)
  A killer bee (D:7)
  3 howler monkeys (D:7)
  2 hounds
  2 jellies
  8 orc priests
  2 gnoll shamans
  2 iguanas
  7 orc wizards
  10 gnolls
  7 adders
  A white imp (D:7)
  2 ufetubi
  3 worms
  8 dart slugs
  27 orcs
  5 endoplasms
  4 giant cockroaches
  2 goblins (D:1)
  6 hobgoblins
  8 jackals
  5 quokkas
  6 ball pythons
  7 bats
  5 frilled lizards
  22 kobolds
  9 rats
186 creatures vanquished.

Vanquished Creatures (collateral kills)
  A black bear (D:6)
  A hound (D:6)
  An orc wizard (D:6)
  An orc (D:6)
4 creatures vanquished.

Grand Total: 190 creatures vanquished

Notes
Turn   | Place    | Note
-------+----------+-------------------------------------------
     0 | D:1      | YayAnonymity the Troll Berserker began the quest for the
                  | Orb.
     0 | D:1      | Reached XP level 1. HP: 22/22 MP: 0/0
   322 | D:1      | Reached XP level 2. HP: 28/29 MP: 1/1
   646 | D:1      | Reached XP level 3. HP: 36/36 MP: 2/2
   648 | D:1      | Reached ** piety under Trog
  1033 | D:2      | Reached skill level 1 in Throwing
  1162 | D:2      | Reached XP level 4. HP: 41/44 MP: 3/3
  1416 | D:2      | Reached skill level 4 in Unarmed Combat
  1786 | D:3      | Reached XP level 5. HP: 53/53 MP: 4/4
  1822 | D:3      | Found a faded altar of an unknown god.
  1857 | D:3      | Found an iron altar of Okawaru.
  2099 | D:3      | Reached *** piety under Trog
  2326 | D:4      | Noticed a black bear
  2335 | D:4      | Killed a black bear
  2336 | D:4      | Reached skill level 5 in Unarmed Combat
  2336 | D:4      | Reached XP level 6. HP: 61/61 MP: 5/5
  3312 | D:5      | Entered Level 5 of the Dungeon
  3393 | D:5      | Reached XP level 7. HP: 68/68 MP: 6/6
  3582 | D:5      | Reached skill level 6 in Unarmed Combat
  3603 | D:5      | Found a staircase to the Ecumenical Temple.
  3632 | Temple   | Entered the Ecumenical Temple
  4105 | D:5      | Reached **** piety under Trog
  4269 | D:5      | Reached XP level 8. HP: 74/78 MP: 7/7
  4646 | D:6      | Noticed Sigmund
  4656 | D:6      | Killed Sigmund
  4657 | D:6      | Reached skill level 1 in Maces & Flails
  4657 | D:6      | Reached skill level 7 in Unarmed Combat
  4827 | D:6      | Noticed Edmund
  4834 | D:6      | Killed Edmund
  5033 | D:6      | Found the amulet of Vitality {Regen+ HP+15}
  5112 | D:6      | Reached XP level 9. HP: 78/87 MP: 8/8
  5256 | D:7      | Paralysed by a hornet for 3 turns
  5268 | D:7      | Reached skill level 5 in Dodging
  5268 | D:7      | Reached skill level 8 in Unarmed Combat
  5326 | D:7      | Reached skill level 5 in Fighting
  5608 | D:7      | Noticed a boulder beetle
  5617 | D:7      | Reached skill level 5 in Throwing
  5647 | D:7      | Killed a boulder beetle
  5648 | D:7      | Reached skill level 9 in Unarmed Combat
  5652 | D:7      | HP: 3/104 [steam dragon] (4)]
  5659 | D:7      | HP: 5/104 [steam dragon (9)]
  5660 | D:7      | Mangled by an orc warrior

Illustrated notes

Levels and vault maps discovered:
D:1:      scummos_arrival_forest, layout_basic, minmay_cut_off
D:2:      minmay_chambers_of_twos, layout_loops_ring, kennysheep_big_empty_room
D:3:      layout_basic, overflow_temple_1_default,
          chequers_ecumenical_altar_simple_redux
D:4:      layout_layer_cave
D:5:      layout_basic, temple_pool_b
D:6:      layout_gridville, uniq_edmund, uniq_sigmund
D:7:      cheibrodos_barr_body, layout_basic, hangedman_decor_diamond_cutter
Temple:   mainiacjoe_temple_big_plus

Skill      XL: |  1  2  3  4  5  6  7  8  9 |
---------------+----------------------------+-----
Throwing       | 1 2 3 4 5 |  5.4
Unarmed Combat | 4 5 6 7 9 |  9.3
Dodging        | 3 4 5 |  5.0
Fighting       | 3 4 5 |  5.6
Maces & Flails | 2 4 |  4.0

Action                   |  1- 3 |  4- 6 |  7- 9 || total
-------------------------+-------+-------+-------++-------
Melee: Unarmed           |    77 |   189 |   236 ||   502
       Punch             |     1 |     6 |     9 ||    16
Invok: Berserk           |       |     4 |     7 ||    11
       Trog's Hand       |       |       |     3 ||     3
       Brothers in Arms  |       |       |     1 ||     1
  Use: Scroll            |       |    11 |     4 ||    15
       Potion            |       |       |     1 ||     1
Armor: Animal skin       |    30 |    71 |   120 ||   221
Dodge: Dodged            |    52 |   112 |   149 ||   313

Table legend: (Time is in decaauts)
 A = Elapsed time spent in this place.
 B = Non-inter-level travel time spent in this place.
 C = Inter-level travel time spent in this place.
 D = Time resting spent in this place.
 E = Time spent auto-exploring this place.
 F = Levels seen in this place.
 G = Mean time per level.
                   A        B        C        D        E       F      G
               +--------+--------+--------+--------+--------+-----+--------+
         Total |   5710 |   5502 |    208 |    141 |   4154 |   8 |  713.8 |
       Dungeon |   5295 |   5112 |    183 |    141 |   3771 |   7 |  756.4 |
        Temple |    414 |    389 |     25 |      0 |    383 |   1 |  414.0 |
               +--------+--------+--------+--------+--------+-----+--------+

Top non-repeatable levels by time:
     D:4: 1191 daAuts
     D:1: 1019 daAuts
     D:6: 843 daAuts
     D:5: 709 daAuts
     D:2: 686 daAuts
     D:3: 488 daAuts
  Temple: 414 daAuts
     D:7: 356 daAuts
